 Dungeon Crawl Stone Soup version 0.27.1-2-g3b301248ec (webtiles) character file.

Game seed: 6357810099468023406

1186 raph the Ruffian (level 8, -1/78 HPs)
             Began as a Troll Monk on Oct 1, 2021.
             Was an Elder of Kikubaaqudgha.
             Slain by a lemure (8 damage)
             ... led by Pikel
             ... on level 5 of the Dungeon.
             The game lasted 00:09:49 (4980 turns).

raph the Ruffian (Troll Monk)                       Turns: 4980, Time: 00:09:49

Health: -1/78      AC:  8    Str: 26    XL:     8   Next: 19%
Magic:  20/20      EV: 11    Int: 12    God:    Kikubaaqudgha [****..]
Gold:   203        SH:  5    Dex: 13    Spells: 3/11 levels left

rFire    . . .     SeeInvis .     - Unarmed
rCold    . . .     Faith    .   (no shield)
rNeg     . . .     Spirit   .   a - +1 robe
rPois    .         Reflect  +   k - +3 hat of Pondering {ponderous, Will+ MP+10 Int+5}
rElec    .         Harm     .   (no cloak)
rCorr    .         Rampage  .   (gloves unavailable)
Will     ++...                  (boots unavailable)
Stlth    ++........             g - amulet of reflection
HPRegen  1.23/turn              c - ring of willpower
MPRegen  0.17/turn              b - +6 ring of strength

@: slow
A: large, unfitting armour, claws 3, regeneration 1, shaggy fur 1, tough skin 1
a: Renounce Religion, Receive Corpses


You were on level 5 of the Dungeon.
You worshipped Kikubaaqudgha.
Kikubaaqudgha was greatly pleased with you.
You visited 1 branch of the dungeon, and saw 5 of its levels.

You collected 203 gold pieces.

Inventory:

Missiles
 h - 2 boomerangs
 i - 63 stones (quivered)
Armour
 a - a +1 robe (worn)
 k - the +3 hat of Pondering (worn) {ponderous, Will+ MP+10 Int+5}
   (You acquired it on level 3 of the Dungeon)

   Int:       It affects your intelligence (+5).
   MP:        It affects your magic capacity (+10).
   Will:      It increases your willpower.
Jewellery
 b - a +6 ring of strength (right claw)
 c - a ring of willpower (left claw)
 g - an amulet of reflection (around neck)
 j - a ring of magical power
Scrolls
 d - 4 scrolls of fear
 p - 2 scrolls of magic mapping
Potions
 e - a potion of heal wounds
 f - 3 potions of attraction
 l - a potion of degeneration
 m - a potion of curing
 n - a potion of might
 o - a potion of mutation {unknown}
 q - a potion of haste {unknown}
 r - a potion of flight {unknown}


   Skills:
 + Level 4.0 Fighting
 + Level 4.0 Dodging
 - Level 1.2 Stealth
 * Level 6.4 Unarmed Combat
 + Level 2.2 Spellcasting
 + Level 2.8 Necromancy


You had 3 spell levels left.
You knew the following spells:

 Your Spells              Type           Power      Damage    Failure   Level
a - Pain                  Necr           32%        1d5       9%          1
b - Vampiric Draining     Necr           4%         2d6       26%         3
c - Animate Dead          Necr           4%         N/A       63%         4

Your spell library contained the following spells:

 Spells                   Type           Power      Damage    Failure   Level
 Sublimation of Blood     Necr           4%         N/A       13%         2
 Corpse Rot               Necr/Air       N/A        N/A       22%         2
 Beastly Appendage        Tmut           2%         N/A       26%         1
 Magic Dart               Conj           4%         1d3       26%         1
 Call Imp                 Summ           1%         N/A       38%         2
 Wereblood                Tmut           1%         N/A       38%         2
 Mephitic Cloud           Conj/Pois/Air  1%         N/A       63%         3
 Spider Form              Tmut/Pois      0%         N/A       63%         3
 Stone Arrow              Conj/Erth      2%         3d7       63%         3
 Summon Guardian Golem    Hex/Summ       1%         N/A       63%         3
 Dispel Undead            Necr           8%         3d8       63%         4
 Agony                    Necr           8%         N/A       93%         5
 Borgnjor's Vile Clutch   Necr/Erth      2%         N/A       99%         5
 Bolt of Magma            Conj/Fire/Erth 0%         4d4       100%        5
 Simulacrum               Ice/Necr       2%         N/A       100%        6
 Orb of Destruction       Conj           0%         N/A       100%        7
 Spellforged Servitor     Conj/Summ      0%         N/A       100%        7
 Shatter                  Erth           0%         3d5*      100%        9


Dungeon Overview and Level Annotations

Branches:
Dungeon (5/15)             Temple (0/1) D:4

Altars:
Fedhas
Gozag
Hepliaklqana
Kikubaaqudgha
Ru
Uskayaw
Vehumet

Annotations:
D:5 Pikel


Innate Abilities, Weirdness & Mutations

You are too large for most types of armour.
You have claws for hands.
Your natural rate of healing is unusually fast.
You are covered in fur. (AC +1)
You have tough skin. (AC +1)


Message History

You scratch Pikel.
Pikel is lightly wounded.
You block the lemure's attack.
Pikel hits you with a +1 whip of electrocution.
You scratch Pikel.
Pikel is moderately wounded.
The lemure hits you. Pikel closely misses you.
You scratch Pikel but do no damage.
Pikel is moderately wounded.
The lemure hits you but does no damage. You block Pikel's attack.
Pikel misses you.
You barely miss Pikel.
Pikel is moderately wounded.
You block the lemure's attack.
Pikel hits you with a +1 whip of electrocution!
You closely miss Pikel.
Pikel is moderately wounded.
You block the lemure's attack.
You scratch Pikel but do no damage.
Pikel is moderately wounded.
Pikel hits you but does no damage. The lemure hits you.
You closely miss Pikel.
Pikel is moderately wounded.
Pikel misses you. The lemure hits you but does no damage.
You claw Pikel!
Pikel is heavily wounded.
Pikel hits you but does no damage. The lemure hits you but does no damage.
You closely miss Pikel.
Pikel is heavily wounded.
Pikel hits you with a +1 whip of electrocution.
You are electrocuted!
* * * LOW HITPOINT WARNING * * *
The lemure hits you!
* * * LOW HITPOINT WARNING * * *
You miss Pikel.
Pikel is heavily wounded.
Pikel barely misses you. The lemure hits you!
You die...
Kikubaaqudgha rasps: "You have failed me!
Welcome... death!"

#### #..# ##############.### ...#
#..# #..## ...# #..# #.... ...#
#..####### ##..# ...# #..##....#
##.# ...#####..##..?.#
############.. ...'......##....#
#....†........
...####...##....####.##########..
...# #....'..K5@..#.#.......<#.#
...# #..###....##.#.#.########.#
#### #..# #######.#.#.# #.# #..#
#.#.#.# #.# #..# #.#.#.# #.# #..#
#.#.#.# #.# #######..#
#.#.#.########.# .........#
#.#.#.#......... ########.#
#.#.#.#.######..


You could see Pikel and a lemure.

Vanquished Creatures
  Grinder (D:5)
  A black bear (D:4)
  An ogre (D:5)
  3 lemures (D:5)
  2 scorpions
  4 wights (D:3)
  2 hounds (D:4)
  2 gnoll shamans (D:5)
  An orc priest (D:2)
  2 jellies
  An orc wizard (D:3)
  A hound skeleton (D:5)
  14 gnolls
  5 adders
  2 adder skeletons (D:4)
  2 worms
  2 dart slugs
  18 orcs
  4 ball pythons
  6 endoplasms
  A giant cockroach (D:1)
  6 hobgoblins
  2 jackals (D:2)
  7 kobolds
  6 bats
  3 frilled lizards
  5 goblins
  5 rats
109 creatures vanquished.

Vanquished Creatures (others)
  3 plants (D:1)
3 creatures vanquished.

Grand Total: 112 creatures vanquished

Notes
Turn   | Place    | Note
-------+----------+-------------------------------------------
     0 | D:1      | raph the Troll Monk began the quest for the Orb.
     0 | D:1      | Reached XP level 1. HP: 22/22 MP: 0/0
   176 | D:1      | Found a faded altar of an unknown god.
   190 | D:1      | Became a worshipper of Kikubaaqudgha
   190 | D:1      | Reached * piety under Kikubaaqudgha
   190 | D:1      | Received a gift from Kikubaaqudgha
   190 | D:1      | Reached ** piety under Kikubaaqudgha
   223 | D:1      | Reached XP level 2. HP: 29/29 MP: 1/1
   816 | D:2      | Reached *** piety under Kikubaaqudgha
   816 | D:2      | Received a gift from Kikubaaqudgha
   835 | D:2      | Learned a level 1 spell: Pain
   870 | D:2      | Found a radiant altar of Vehumet.
   917 | D:2      | You fall into a shaft and drop 2 floors!
   938 | D:4      | Noticed a black bear
   950 | D:4      | Killed a black bear
   951 | D:4      | Reached skill level 4 in Unarmed Combat
   951 | D:4      | Reached XP level 3. HP: 36/36 MP: 2/2
   951 | D:4      | Reached XP level 4. HP: 44/44 MP: 3/3
  1073 | D:3      | Reached skill level 1 in Necromancy
  1105 | D:3      | Reached XP level 5. HP: 52/52 MP: 5/5
  1272 | D:3      | Learned a level 3 spell: Vampiric Draining
  1284 | D:3      | Reached skill level 1 in Spellcasting
  1558 | D:2      | Reached XP level 6. HP: 61/61 MP: 0/6
  1712 | D:2      | Reached **** piety under Kikubaaqudgha
  2075 | D:3      | Found a blossoming altar of Fedhas.
  2078 | D:3      | Found a hide-covered altar of Uskayaw.
  2094 | D:3      | Found an opulent altar of Gozag.
  2205 | D:3      | Reached skill level 5 in Unarmed Combat
  2370 | D:3      | Identified 2 scrolls of acquirement
  2370 | D:3      | Acquired a +6 ring of strength
  2371 | D:3      | Acquired a book of Minor Magic
  2441 | D:3      | Acquired the +3 hat of Pondering {ponderous, Will+ MP+10
                  | Int+5}
  2441 | D:3      | Found the +3 hat of Pondering {ponderous, Will+ MP+10
                  | Int+5}
  2900 | D:4      | Found a staircase to the Ecumenical Temple.
  2923 | D:4      | Reached XP level 7. HP: 57/67 MP: 8/8
  3141 | D:4      | Learned a level 4 spell: Animate Dead
  3384 | D:4      | Found a hazy altar of Hepliaklqana.
  3820 | D:5      | Entered Level 5 of the Dungeon
  4306 | D:5      | Found a sacrificial altar of Ru.
  4333 | D:5      | Noticed Grinder
  4341 | D:5      | Reached skill level 6 in Unarmed Combat
  4349 | D:5      | Killed Grinder
  4350 | D:5      | Reached XP level 8. HP: 66/78 MP: 10/10
  4959 | D:5      | Noticed Pikel
  4980 | D:5      | Slain by a lemure

Illustrated notes

Levels and vault maps discovered:
D:1:      lemuel_arrival_broad_hall, layout_basic,
          shapermc_ecumenical_altar_mp_urbaneastern
D:2:      layout_loops_ring, basic_altar, minmay_statues_item
D:3:      layout_basic, grunt_temple_overflow_open, lemuel_tele_altar,
          minmay_misc_feat_diagonals, minmay_randomly_rotated_circles
D:4:      layout_basic, mainiacjoe_overflow_brackets,
          minmay_temple_entry_stoned_glass
D:5:      layout_basic, overflow_temple_1_default, uniq_pikel, uniq_grinder

Skill      XL: |  1  2  3  4  5  6  7 |
---------------+----------------------+-----
Unarmed Combat | 4 5 6 |  6.4
Necromancy     | 1 2 |  2.8
Fighting       | 3 4 |  4.0
Dodging        | 3 4 |  4.0
Spellcasting   | 1 2 |  2.2
Stealth        | |  1.2

Action                   |  1- 3 |  4- 6 |  7- 9 || total
-------------------------+-------+-------+-------++-------
Melee: Unarmed           |    60 |   152 |   110 ||   322
       Punch             |     1 |     1 |       ||     2
Throw: Stone             |       |       |     4 ||     4
 Cast: Pain              |       |     4 |     8 ||    12
  Use: Potion            |     1 |       |     1 ||     2
       Scroll            |       |    12 |     4 ||    16
 Stab: Sleeping          |     2 |     3 |     2 ||     7
       Distracted        |       |     1 |       ||     1
Armor: Robe              |    10 |    54 |    20 ||    84
Dodge: Dodged            |    22 |    73 |    47 ||   142
Block: Other             |     1 |    43 |    20 ||    64
